 Dungeon Crawl Stone Soup version 0.19.0-24-gb05acd6 (webtiles) character file.

1038 Monsterracer the Cleaver (level 8, -11/69 HPs)
             Began as a Deep Dwarf Fighter on Nov 20, 2016.
             Mangled by an ogre
             ... wielding a +0 giant spiked club
              (15 damage)
             ... on level 5 of the Dungeon.
             The game lasted 00:14:59 (3530 turns).

Monsterracer the Cleaver (Deep Dwarf Fighter)       Turns: 3530, Time: 00:14:59

Health: -11/69     AC:  9    Str: 19    XL:     8   Next: 4%
Magic:  11/11      EV:  5    Int:  8    God:
Gold:   12         SH:  9    Dex: 14    Spells: 0 memorised, 7 levels left

rFire  . . .     SeeInvis .     b - +1 hand axe "Zola" {drain, rElec} (curse)
rCold  + . .     Gourm    .     v - +0 chain mail
rNeg   . . .     Faith    .     c - +0 shield
rPois  +         Spirit   .     (no helmet)
rElec  +         Reflect  .     (no cloak)
rCorr  +         Harm     .     (no gloves)
MR     +....                    (no boots)
Stlth  ..........               (no amulet)
                                k - ring of resist corrosion
                                j - ring of poison resistance

@: non-regenerating
A: damage resistance, recharge devices, cold resistance 1, dopey 1, sense
surroundings 1, slow regeneration 3
a: Device Recharging


You were on level 5 of the Dungeon.
You were not hungry.

You visited 1 branch of the dungeon, and saw 5 of its levels.

You collected 228 gold pieces.
You spent 216 gold pieces at shops.

Inventory:

Hand Weapons
 b - the cursed +1 hand axe "Zola" (weapon) {drain, rElec}
   (You bought it in a shop on level 5 of the Dungeon)

   A truly terrible weapon, it drains the life of those it strikes.
   It insulates you from electricity.
   It has a curse placed upon it.
Armour
 c - a +0 shield (worn)
 v - a +0 chain mail (worn)
Jewellery
 j - a ring of poison resistance (left hand)
 k - a ring of resist corrosion (right hand)
Wands
 e - a wand of heal wounds (0/9)
Scrolls
 d - a scroll of enchant weapon {unknown}
 g - 2 scrolls of recharging {unknown}
 h - 4 scrolls of immolation {unknown}
 i - 7 scrolls of identify {unknown}
 l - 3 scrolls of remove curse {unknown}
 m - a scroll of enchant armour {unknown}
 n - a scroll of blinking {unknown}
 o - a scroll of fear {unknown}
 r - 2 scrolls of random uselessness {unknown}
 t - a scroll of magic mapping {unknown}
 u - a scroll of amnesia {unknown}
Potions
 q - a potion of curing
Comestibles
 f - 6 bread rations
 p - a slice of pizza
 s - a meat ration


   Skills:
 + Level 3.5 Fighting
 * Level 8.6 Axes
 + Level 4.4 Armour
 - Level 3.2 Shields
 + Level 4.8 Evocations


You had 7 spell levels left.
You didn't know any spells.

Dungeon Overview and Level Annotations

Branches:
Dungeon (5/15)
 Temple: D:4-7

Altars:
Cheibriados
Ru
Trog
Xom
Yredelemnul

Shops:
D:4 =   D:5 %((


Innate Abilities, Weirdness & Mutations

You are resistant to damage.
You can recharge devices by infusing magical energy.
You passively map a small area around you.
You do not regenerate.
Your flesh is cold resistant. (rC+)
You are dopey. (Int -2)


Message History

You hit the gnoll.
You kill the gnoll!
The ogre hits you with a giant spiked club.
The gnoll hits you from afar with a halberd.
You hit the ogre.
The ogre is lightly wounded.
You hit the ogre. You drain the ogre!
The ogre is heavily wounded.
The gnoll hits you from afar with a halberd!
* * * LOW HITPOINT WARNING * * *
The ogre hits you with a giant spiked club!
* * * LOW HITPOINT WARNING * * *
You are too injured to fight recklessly!
Evoke which item? (* to show all) (? for menu, Esc to quit)
Okay, then.
You feel better. You block the gnoll's attack.
The gnoll hits you from afar with a halberd!
* * * LOW HITPOINT WARNING * * *
The ogre hits you with a giant spiked club!
You die...

.......)..).......
≈
≈≈≈≈≈≈≈†≈....≈≈≈≈≈
≈ ≈
≈≈≈≈≈≈≈≈≈....≈≈≈≈≈
≈≈≈≈≈≈≈≈≈....≈≈≈≈≈≈
..................
*
#########''''#####
, *.......#....# ,
.^.....#....# , , ,
.......')@).+ , ,
,, +########O### *
* ,#.gg.# * ,
g..≈≈....,, *
.....≈≈...... , ,
.....#....#.... ,
*######....##### *
*+ #,.?##..,#, ,,
## ### * *


You could see an ogre and 2 gnolls.

Vanquished Creatures
  Grinder (D:3)
  2 ogres
  A scorpion (D:3)
  2 crimson imps (D:5)
  A centaur zombie (D:5)
  2 hounds (D:4)
  A gnoll shaman (D:5)
  An orc priest (D:4)
  An orc wizard (D:3)
  2 worker ants (D:4)
  Robin (D:4)
  11 gnolls (D:5)
  4 adders
  2 oozes
  2 adder skeletons (D:4)
  6 worms
  4 dart slugs
  3 leopard geckos
  13 orcs
  A ball python (D:3)
  5 giant cockroaches
  2 gnoll zombies (D:3)
  21 goblins
  13 hobgoblins
  14 jackals
  11 kobolds
  A quokka (D:3)
  5 bats
  5 frilled lizards
  9 rats
147 creatures vanquished.

Notes
Turn   | Place    | Note
-------+----------+-------------------------------------------
     0 | D:1      | Monsterracer the Deep Dwarf Fighter began the quest for the Orb.
     0 | D:1      | Reached XP level 1. HP: 20/20 MP: 1/1
   102 | D:1      | Reached skill level 3 in Axes
   108 | D:1      | Reached XP level 2. HP: 27/27 MP: 2/2
   853 | D:2      | Reached XP level 3. HP: 17/33 MP: 3/3
   853 | D:2      | Reached skill level 4 in Axes
  1670 | D:3      | Reached XP level 4. HP: 17/40 MP: 4/4
  1711 | D:3      | Reached skill level 5 in Axes
  1757 | D:3      | Reached XP level 5. HP: 5/46 MP: 5/5
  1836 | D:3      | Noticed Grinder
  1843 | D:3      | Paralysed by Grinder for 5 turns
  1845 | D:3      | HP: 2/46 [Grinder (4)]
  1861 | D:3      | Killed Grinder
  1861 | D:3      | Reached skill level 6 in Axes
  1861 | D:3      | Reached XP level 6. HP: 29/55 MP: 5/8
  1930 | D:3      | Reached skill level 7 in Axes
  2249 | D:3      | Found a basalt altar of Yredelemnul.
  2470 | D:4      | Found Ipyigix's Jewellery Boutique.
  2563 | D:4      | Found a snail-covered altar of Cheibriados.
  2582 | D:4      | Noticed Robin
  2594 | D:4      | Killed Robin
  2608 | D:4      | Gained mutation: You are dopey. (Int -2) [potion of mutation]
  2608 | D:4      | Gained mutation: Your flesh is cold resistant. (rC+) [potion of mutation]
  2852 | D:4      | Reached XP level 7. HP: 24/61 MP: 8/10
  3128 | D:5      | Entered Level 5 of the Dungeon
  3182 | D:5      | Found a sacrificial altar of Ru.
  3211 | D:5      | Reached skill level 8 in Axes
  3222 | D:5      | Found Piny's Food Boutique.
  3239 | D:5      | Found Urelyfia's Antique Weapon Shop.
  3257 | D:5      | Noticed a moth of wrath
  3260 | D:5      | Found a bloodstained altar of Trog.
  3307 | D:5      | Found a shimmering altar of Xom.
  3320 | D:5      | Found Xenymues's Antique Weapon Emporium.
  3327 | D:5      | Bought a bone hand axe for 216 gold pieces
  3327 | D:5      | Identified the cursed +1 hand axe "Zola" {drain, rElec} (You bought it in a shop on level 5 of the Dungeon)
  3524 | D:5      | Reached XP level 8. HP: 33/69 MP: 11/11
  3529 | D:5      | HP: 2/69 [ogre/giant spiked club (12)]
  3530 | D:5      | Mangled by an ogre

Skill      XL: |  1  2  3  4  5  6  7 |
---------------+----------------------+-----
Axes           | 3 4 5 6 7 8 |  8.6
Evocations     | 2 4 |  4.8
Fighting       | 3 |  3.5
Armour         | 4 |  4.4
Shields        | |  3.2

Action                   |  1- 3 |  4- 6 |  7- 9 || total
-------------------------+-------+-------+-------++-------
Melee: War axe           |   114 |   170 |    73 ||   357
       Hand axe          |       |       |   102 ||   102
Evoke: Wand              |       |     2 |     3 ||     5
  Use: Potion            |     3 |     7 |     1 ||    11
  Eat: Chunk             |     3 |     4 |     2 ||     9
Armor: Scale mail        |    60 |    40 |       ||   100
       Chain mail        |       |    19 |    71 ||    90
Dodge: Dodged            |    36 |    45 |    41 ||   122
Block: Shield            |    47 |    78 |   109 ||   234
